 Dungeon Crawl Stone Soup version 0.27.1-37-g7b29ead8ac (console) character file.

Game seed: 13791122792385609363

144678 grimtooth the Eclecticist (level 16, 0/136 (144) HPs)
             Began as a Deep Elf Air Elementalist on Aug 10, 2023.
             Was a High Priest of Vehumet.
             Slain by a freezing wraith (11 damage)
             ... in an ice cave on Aug 12, 2023.
             The game lasted 05:26:54 (52837 turns).

grimtooth the Eclecticist (DEAE)                   Turns: 52837, Time: 05:26:55

HP:   0/136 (144)   AC: 28    Str: 11    XL:     16   Next: 85%
MP:   12/38         EV:  2    Int: 38    God:    Vehumet [*****.]
Gold: 1493          SH:  0    Dex: 15    Spells: 7/48 levels left

rFire    . . .     SeeInvis .   b - +3 rapier (venom)
rCold    + . .     Faith    .   (no shield)
rNeg     + + +     Spirit   .   (armour currently unavailable)
rPois    +         Reflect  .   (helmet currently unavailable)
rElec    +         Harm     .   (cloak currently unavailable)
rCorr    .         Rampage  .   (gloves currently unavailable)
Will     .....     NoTele   +   (boots currently unavailable)
Stlth    ++........             W - amulet of regeneration
HPRegen  1.32/turn              j - +6 ring of intelligence {=R}
MPRegen  0.26/turn              B - ring "Tuejikk" {rElec rC+ Will- Str+4 Int+6}

@: confused, tree-form, ambrosia-drunk, hasted and slowed, drained
A: stationary, stasis, torment immunity, boosted hp
a: Renounce Religion


You were in an ice cave.
You worshipped Vehumet.
Vehumet was extremely pleased with you.
You were a tree.
You visited 6 branches of the dungeon, and saw 28 of its levels.
You also visited: Gauntlet and Ice Cave.

You collected 2502 gold pieces.
You spent 1009 gold pieces at shops.

Inventory:

Hand Weapons
 b - a +3 rapier of venom (weapon)
Missiles
 d - 359 stones
 u - 96 poisoned darts (quivered)
 I - a throwing net {=f}
 U - 3 curare-tipped darts
Armour
 a - a scarf of resistance
 c - +1 ice dragon scales
 h - a +0 pair of boots (melded)
 i - a +0 pair of gloves (melded)
 N - a +2 robe of willpower (melded)
 P - a +2 helmet (melded)
Jewellery
 g - a ring of see invisible
 j - a +6 ring of intelligence (left branch) {=R}
 k - a +4 ring of slaying
 l - a +4 ring of protection
 x - a ring of poison resistance
 y - a ring of willpower
 B - the ring "Tuejikk" (right branch) {rElec rC+ Will- Str+4 Int+6}
   (You found it in a Gauntlet)

   [ring of intelligence]

   Str:       It affects your strength (+4).
   Int:       It affects your intelligence (+6).
   rC:        It protects you from cold.
   rElec:     It insulates you from electricity.
   Will:      It decreases your willpower.
 L - a ring of flight
 T - a ring of protection from fire
 W - an amulet of regeneration (around neck)
Wands
 f - a wand of flame (58)
 m - a wand of iceblast (9)
 t - a wand of paralysis (25)
 K - a wand of charming (17)
 O - a wand of acid (16)
 R - a wand of polymorph (14)
 S - a wand of digging (5)
 X - a wand of mindburst (30)
Scrolls
 e - 2 scrolls of silence
 q - 2 scrolls of magic mapping
 r - 7 scrolls of teleportation
 E - 4 scrolls of summoning
 Q - a scroll of vulnerability
Potions
 n - 5 potions of flight
 o - 3 potions of ambrosia
 z - a potion of lignification
 F - 2 potions of cancellation
 H - 2 potions of resistance
 J - 3 potions of invisibility
 M - a potion of haste
Miscellaneous
 D - a phial of floods


   Skills:
 - Level 9.0 Fighting
 - Level 6.0 Short Blades
 - Level 12.0 Dodging
 - Level 12.0 Stealth
 + Level 16.5 Spellcasting
 * Level 13.0 Conjurations
 - Level 6.0 Translocations
 + Level 2.5 Ice Magic
 - Level 12.5 Air Magic
 - Level 12.0 Earth Magic
 - Level 6.0 Evocations


You had 7 spell levels left.
You knew the following spells:

 Your Spells              Type           Power      Damage    Failure   Level
a - Sandblast             Erth           100%       2d20      0%          1
b - Searing Ray           Conj           100%       3d7       0%          2
c - Stone Arrow           Conj/Erth      100%       3d13      0%          3
d - Iskenderun's Mystic   Conj/Tloc      81%        2d16      1%          4
e - Mephitic Cloud        Conj/Pois/Air  77%        N/A       1%          3
f - Lightning Bolt        Conj/Air       45%        1d65      1%          5
g - Bolt of Magma         Conj/Fire/Erth 38%        4d16      1%          5
h - Freezing Cloud        Conj/Ice/Air   40%        6-21      1%          5
i - Airstrike             Air            45%        N/A       1%          4
j - Conjure Ball Lightni  Conj/Air       45%        3x3d16    1%          6
s - Swiftness             Air            91%        N/A       1%          3

Your spell library contained the following spells:

 Spells                   Type           Power      Damage    Failure   Level
 Lee's Rapid Deconstruct  Erth           44%        3d22*     1%          5
 Shock                    Conj/Air       100%       1d9       0%          1
 Static Discharge         Conj/Air       91%        N/A       0%          2
 Freeze                   Ice            100%       1d11      1%          1
 Conjure Flame            Conj/Fire      69%        6-21      1%          3
 Dazzling Flash           Conj/Hex       100%       N/A       1%          3
 Frozen Ramparts          Ice            100%       1d12      1%          3
 Ignite Poison            Fire/Tmut/Pois 31%        N/A       1%          3
 Ozocubu's Armour         Ice            50%        N/A       1%          3
 Hailstorm                Conj/Ice       74%        3d15      1%          4
 Sticky Flame             Conj/Fire      69%        2d8       1%          4
 Spider Form              Tmut/Pois      15%        N/A       3%          3
 Starburst                Conj/Fire      34%        6d10      3%          6
 Summon Ice Beast         Ice/Summ       41%        N/A       6%          4
 Metabolic Englaciation   Hex/Ice        20%        N/A       17%         5
 Simulacrum               Ice/Necr       20%        N/A       67%         6
 Shatter                  Erth           44%        3d34*     86%         9
 Dragon's Call            Summ           15%        N/A       100%        9
 Polar Vortex             Ice            25%        N/A       100%        9


Dungeon Overview and Level Annotations

Branches:
Dungeon (14/15)            Temple (1/1) D:4            Lair (6/6) D:11
 Shoals (1/4) Lair:3       Spider (4/4) Lair:4        Slime (0/5) Lair:6
    Orc (2/2) D:12            Elf (0/3) Orc:2        Vaults (0/5) D:13
  IceCv (1/1)             Gauntlet (visited)

Altars:
Ashenzari
Cheibriados
Dithmenos
Elyvilon
Fedhas
Gozag
Hepliaklqana
Kikubaaqudgha
Makhleb
Nemelex Xobeh
Okawaru
Qazlal
Ru
Sif Muna
Trog
Uskayaw
Vehumet
Wu Jian
Xom
Yredelemnul
Zin
The Shining One

Shops:
D:5 !   D:11 =   D:13 [   Orc:1 :   Orc:2 ((**

Annotations:
D:7 3 runed translucent doors, exclusion: 3 killer bees, grimtooth's ghost, novice PaAK
Spider:1 exclusion: emperor scorpion
Spider:2 3 runed translucent doors, grimtooth's ghost, journeyman FeSu
Spider:3 exclusion: ghost moth IceCv exclusion: obsidian statue


Message History

The necromancer flickers and vanishes!
Deactivating autopickup; reactivate with Ctrl-A.
The freezing wraith hits you.
* * * LOW HITPOINT WARNING * * *
The freezing wraith freezes you. You resist.
* * * LOW HITPOINT WARNING * * *
The freezing wraith hits you but does no damage.
Casting: Iskenderun's Mystic Blast (safe; 1% risk of failure)
Confirm with . or Enter, or press ? or * to list all spells.
You don't have enough magic to cast this spell.
Unknown command.
Okay, then.
Okay, then.
There's nothing to close nearby.
Unknown command.
Aiming: Paralyse
Press: ? - help, Shift-Dir - straight line, f - freezing wraith
Aim: a freezing wraith (chance to affect: 47%)
The freezing wraith resists with some effort.
The freezing wraith hits you but does no damage. x2
Something completely misses you.
Aiming: Paralyse
Press: ? - help, Shift-Dir - straight line, f/p - freezing wraith
Aim: a freezing wraith (chance to affect: 47%)
The freezing wraith resists with some effort.
The freezing wraith hits you but does no damage. x2
You hear some strange, mumbled words.
A bolt of negative energy appears from out of thin air!
The bolt of negative energy hits you but does no damage.
You resist.
Enter note: - man i am about to lose here You are confused.
You feel invigorated.
The freezing wraith hits you but does no damage. x2
Something hits you.
* * * LOW HITPOINT WARNING * * *
The freezing wraith hits you!
* * * LOW HITPOINT WARNING * * *
The freezing wraith freezes you! You resist.
You die...

...## #### ..##
.## ### ## ##.## #
##...##### ### #
#..#.....####.# #
##..##.....##..##
#..###.....##...#
##..###.......##.#
#..###........#..#
##..#
#.......##♣W##
#..##
#......####{W#
#.## ##......#
##W# ..#
##..#8..## #.W#
.####..###.[# #..#
.# #..## #..#
##W## ##
##..###### #W.# #
###..## ##.##
##.##..# #.W##
##...#..# ##..#
#....#..# ##.##


You could see 4 freezing wraiths.

Vanquished Creatures
  A lich (IceCv)
  An emperor scorpion (Spider:1)
  An orc warlord (Orc:2)
  A very ugly thing (IceCv)
  An entropy weaver (Spider:3)
  A minotaur (Gauntlet)
  Snorg (Lair:4)
  An ettin (Orc:1)
  5 hydras
  Fannar (D:11)
  4 boulder beetles
  An ogre mage (D:12)
  Harold (D:11)
  A catoblepas (Lair:4)
  A merfolk avatar (Lair:6)
  2 two-headed ogres
  5 death yaks
  2 tengu warriors (D:13)
  4 orc high priests
  Sonja (D:13)
  A flayed ghost (D:12)
  A sea snake (Lair:6)
  2 large abominations (Gauntlet)
  3 bog bodies (IceCv)
  A wizard (D:14)
  2 deep elf pyromancers (D:14)
  7 orc knights
  A harpy (Lair:6)
  9 orc sorcerers
  22 wolf spiders
  5 cyclopes
  7 ugly things
  4 manticores
  16 orb spiders
  A black mamba (shapeshifter) (D:13)
  4 black mambas
  An apocalypse crab (Gauntlet)
  15 elephants
  A merfolk siren (Lair:3)
  4 torpor snails
  2 gargoyles
  Joseph (Lair:1)
  19 cane toads
  A torpor snail (shapeshifter) (D:13)
  An unseen horror (D:11)
  2 anaconda simulacra (IceCv)
  An efreet (D:14)
  6 rime drakes
  10 freezing wraiths
  10 demonic crawlers
  14 komodo dragons
  3 merfolk (Lair:3)
  8 trolls
  28 jumping spiders
  A queen bee (Orc:1)
  A troll (shapeshifter) (D:13)
  3 meliai (D:14)
  Prince Ribbit (D:6)
  4 wind drakes
  A spectral jumping spider (Spider:4)
  13 dream sheep (Lair:5)
  4 polar bears
  13 slime creatures
  3 hornets
  A snapping turtle (Lair:6)
  6 blink frogs
  A tarantella (shapeshifter) (D:14)
  30 tarantellas
  A water elemental (Shoals:1)
  A shadow (D:12)
  67 redbacks
  3 wraiths
  27 yaks
  A dire elephant simulacrum (IceCv)
  2 spriggan simulacra (IceCv)
  6 wyverns
  Grum (D:11)
  4 vampire mosquitoes
  3 basilisks
  A steam dragon (D:7)
  A harpy simulacrum (IceCv)
  3 minotaur simulacra (IceCv)
  9 wargs
  4 acid dragons
  17 water moccasins
  3 hydra simulacra (IceCv)
  2 sky beasts
  2 black bears
  2 alligator simulacra (IceCv)
  8 ogres
  35 orc warriors
  A necrophage (D:5)
  8 wolves
  4 centaurs
  A phantom (D:6)
  5 bullfrogs
  2 scorpions
  A deep troll simulacrum (IceCv)
  5 small abominations (Gauntlet)
  4 lindwurm simulacra (IceCv)
  10 wights
  24 killer bees
  A howler monkey (D:5)
  3 electric eels (D:11)
  3 centaur zombies
  3 hounds
  A jelly (D:8)
  A gnoll shaman (D:4)
  27 orc priests
  A bullfrog skeleton (D:5)
  A centaur skeleton (D:7)
  2 iguanas
  27 orc wizards
  A killer bee zombie (D:7)
  A hound zombie (D:5)
  15 gnolls
  3 howler monkey zombies
  6 adders
  A white imp (D:8)
  3 adder skeletons (D:4)
  4 worms
  A dart slug (D:2)
  102 orcs
  4 ball pythons
  2 bats
  2 endoplasms
  4 goblins
  28 hobgoblins
  6 quokkas
  A frilled lizard (D:2)
  10 kobolds
  3 rats
866 creatures vanquished.

Vanquished Creatures (collateral kills)
  3 killer bees (Orc:1)
3 creatures vanquished.

Vanquished Creatures (others)
  A wolf spider (Spider:4)
  Psyche (D:10)
  A jumping spider (Spider:2)
  A bullfrog (Lair:1)
  A killer bee (Orc:1)
  A hound (D:11)
  2 orc wizards (Orc:2)
  4 demonic plants (Gauntlet)
  45 fungi
  77 plants
134 creatures vanquished.

Grand Total: 1003 creatures vanquished

Notes
Turn   | Place    | Note
-------+----------+-------------------------------------------
     0 | D:1      | grimtooth the Deep Elf Air Elementalist began the quest for
                  | the Orb.
     0 | D:1      | Reached XP level 1. HP: 10/10 MP: 6/6
    29 | D:1      | Found a faded altar of an unknown god.
   586 | D:1      | Reached XP level 2. HP: 15/15 MP: 4/8
  1541 | D:2      | Got the Papyrus of Supportive Transmutation
  1772 | D:3      | Reached XP level 3. HP: 17/19 MP: 2/10
  2218 | D:3      | Learned a level 3 spell: Swiftness
  2221 | D:3      | Learned a level 2 spell: Static Discharge
  2544 | D:3      | Reached skill level 4 in Spellcasting
  2544 | D:3      | Reached XP level 4. HP: 14/24 MP: 6/12
  3018 | D:4      | Noticed a scorpion
  3024 | D:4      | Killed a scorpion
  3025 | D:4      | Reached XP level 5. HP: 16/28 MP: 4/13
  3351 | D:4      | Noticed an ogre
  3354 | D:4      | Reached skill level 5 in Air Magic
  3368 | D:4      | Killed an ogre
  3369 | D:4      | Reached skill level 5 in Spellcasting
  3369 | D:4      | Reached XP level 6. HP: 32/32 MP: 9/15
  4105 | D:4      | Found a staircase to the Ecumenical Temple.
  4116 | Temple   | Entered the Ecumenical Temple
  4402 | D:4      | Reached skill level 6 in Spellcasting
  4402 | D:4      | Reached XP level 7. HP: 36/36 MP: 14/18
  4657 | D:4      | Found a sacrificial altar of Ru.
  5120 | D:5      | Entered Level 5 of the Dungeon
  5230 | D:5      | Found Townom's Distillery.
  5349 | D:5      | Found a stormy altar of Qazlal.
  6423 | D:5      | Bought a potion of heal wounds for 75 gold pieces
  6423 | D:5      | Bought 2 potions of curing for 90 gold pieces
  6635 | D:6      | Reached XP level 8. HP: 24/41 MP: 13/19
  6785 | D:6      | Noticed Prince Ribbit
  6846 | D:6      | Reached skill level 5 in Stealth
  6915 | D:6      | Learned a level 4 spell: Airstrike
  7900 | D:7      | Noticed a hornet
  7910 | D:7      | Killed a hornet
  8204 | D:7      | Found a runed translucent gate.
  8204 | D:7      | Found a runed translucent gate.
  8205 | D:7      | Found a runed translucent gate.
  8207 | D:7      | Noticed grimtooth's ghost (novice PaAK)
  9042 | D:7      | Reached skill level 5 in Dodging
  9517 | D:8      | Noticed a troll
  9672 | D:6      | Reached XP level 9. HP: 44/45 MP: 15/20
  9808 | D:6      | Killed Prince Ribbit
 10010 | D:7      | Reached skill level 5 in Conjurations
 10748 | D:8      | Noticed a two-headed ogre
 10767 | D:8      | Killed a two-headed ogre
 10768 | D:8      | Reached skill level 10 in Stealth
 11571 | D:8      | Found a broken altar of Ashenzari.
 11931 | D:8      | Found a glowing golden altar of the Shining One.
 11957 | D:8      | Killed a troll
 11958 | D:8      | Reached XP level 10. HP: 50/50 MP: 4/21
 13493 | D:9      | HP: 1/50 [yak (10)]
 13497 | D:9      | Reached skill level 10 in Air Magic
 13906 | D:9      | Noticed a cyan ugly thing
 13953 | D:10     | Entered Level 10 of the Dungeon
 13968 | D:10     | Noticed Psyche
 14953 | D:10     | Found a burning altar of Makhleb.
 14955 | D:10     | Found a radiant altar of Vehumet.
 14955 | D:10     | Found a glowing silver altar of Zin.
 14960 | D:10     | Became a worshipper of Vehumet
 14961 | D:10     | - finally
 14971 | D:10     | Found a white marble altar of Elyvilon.
 15311 | D:11     | Noticed Fannar
 15325 | D:11     | Noticed a manticore
 15474 | D:11     | Found Unnitaom's Jewellery Boutique.
 15557 | D:11     | Noticed a gargoyle
 15580 | D:11     | Found a staircase to the Lair.
 15741 | D:11     | Reached skill level 5 in Fighting
 15741 | D:11     | Reached XP level 11. HP: 35/64 MP: 4/22
 16234 | D:5      | Bought a potion of degeneration for 15 gold pieces
 16234 | D:5      | Bought 2 potions of heal wounds for 150 gold pieces
 16527 | D:10     | Killed Psyche
 16697 | D:11     | Killed Fannar
 17070 | D:11     | Noticed Grum
 17089 | D:10     | Reached XP level 12. HP: 30/69 MP: 17/23
 17453 | D:11     | Noticed a two-headed ogre
 17469 | D:11     | Killed a two-headed ogre
 17531 | D:11     | Noticed Harold
 18215 | D:12     | Reached skill level 7 in Spellcasting
 18331 | D:12     | Reached * piety under Vehumet
 18331 | D:12     | Offered knowledge of Sandblast by Vehumet.
 18334 | D:12     | Learned a level 1 spell: Sandblast
 18717 | D:12     | Reached skill level 1 in Earth Magic
 18962 | D:12     | Noticed a sphinx
 19263 | D:12     | Found a staircase to the Orcish Mines.
 19582 | D:12     | Noticed an ogre mage
 19673 | D:12     | Reached skill level 8 in Spellcasting
 19864 | D:12     | Noticed a boulder beetle
 20902 | D:13     | Noticed Sonja
 21468 | D:13     | Found a gate to the Vaults.
 21673 | D:13     | Reached skill level 9 in Spellcasting
 21877 | D:13     | Found Qaarax's Antique Armour Emporium.
 21877 | D:13     | Noticed a tengu warrior
 22145 | D:12     | Reached skill level 5 in Earth Magic
 22532 | D:11     | Killed Grum
 23409 | D:13     | Noticed a tengu warrior
 23490 | D:13     | Killed Sonja
 23599 | D:13     | Killed a tengu warrior
 23600 | D:13     | Reached skill level 10 in Dodging
 23651 | D:13     | Killed a tengu warrior
 24109 | D:14     | Found a glowing golden altar of the Shining One.
 24866 | D:14     | Reached XP level 13. HP: 71/74 MP: 16/28
 26192 | D:9      | Found a bloodstained altar of Trog.
 26290 | Lair:1   | Entered Level 1 of the Lair of Beasts
 26439 | Lair:1   | Noticed Joseph
 26442 | Lair:1   | Killed Joseph
 27483 | D:11     | Killed Harold
 28121 | Lair:2   | Found a gate leading to a gauntlet.
 28132 | Gauntlet | Entered a Gauntlet
 28132 | Gauntlet | Found a transporter.
 28140 | Gauntlet | Found a runed translucent gate.
 28141 | Gauntlet | Found a transporter.
 28141 | Gauntlet | Found a runed translucent gate.
 28142 | Gauntlet | Found a transporter.
 28143 | Gauntlet | Found a transporter.
 28146 | Gauntlet | Found a transporter.
 28147 | Gauntlet | Found a transporter.
 28156 | Gauntlet | Found a transporter.
 28172 | Gauntlet | Found a transporter.
 28186 | Gauntlet | Found a transporter.
 28186 | Gauntlet | Found a transporter.
 28189 | Gauntlet | Found a transporter.
 28252 | Gauntlet | Found a transporter.
 28275 | Gauntlet | Found a runed translucent gate.
 28303 | Gauntlet | Learned a level 4 spell: Iskenderun's Mystic Blast
 28304 | Gauntlet | - these look nasty as hell
 28337 | Gauntlet | Identified the ring "Tuejikk" {rElec rC+ Will- Str+4 Int+6}
 28611 | Gauntlet | Identified the ring "Rieduen" {rN+ Str+6}
 28872 | Gauntlet | Identified the +12 glaive of Terror {vorpal, Will+ Str+2}
 28872 | Gauntlet | Noticed a minotaur
 28873 | Gauntlet | - nice pole
 28891 | Gauntlet | Killed a minotaur
 28916 | Gauntlet | - shhhhattaa
 28928 | Gauntlet | - aaa too much inventory
 28936 | Gauntlet | Learned a level 3 spell: Stone Arrow
 31287 | Lair:3   | Found a staircase to the Shoals.
 31750 | Lair:4   | Offered knowledge of Searing Ray by Vehumet.
 31754 | Lair:4   | Learned a level 2 spell: Searing Ray
 32268 | Lair:4   | Noticed Snorg
 32279 | Lair:4   | Found a hole to the Spider Nest.
 32282 | Lair:4   | Reached ** piety under Vehumet
 32989 | Lair:4   | Reached XP level 14. HP: 84/84 MP: 16/29
 33286 | Lair:4   | Killed Snorg
 34053 | Lair:5   | Reached skill level 10 in Spellcasting
 34359 | Lair:5   | Reached skill level 1 in Translocations
 34447 | Lair:5   | Offered knowledge of Inner Flame by Vehumet.
 34956 | Lair:5   | Reached *** piety under Vehumet
 35534 | Lair:5   | Reached skill level 11 in Spellcasting
 36049 | Lair:6   | Entered Level 6 of the Lair of Beasts
 36267 | Lair:6   | Reached skill level 5 in Translocations
 36521 | Lair:6   | Offered knowledge of Mephitic Cloud by Vehumet.
 36526 | Lair:6   | Learned a level 3 spell: Mephitic Cloud
 36709 | Lair:6   | Found a staircase to the Slime Pits.
 36971 | Lair:6   | Reached skill level 12 in Spellcasting
 37237 | Lair:6   | Reached skill level 1 in Evocations
 37786 | Lair:6   | Reached skill level 10 in Conjurations
 37933 | Lair:6   | Reached **** piety under Vehumet
 39063 | Orc:1    | Entered Level 1 of the Orcish Mines
 39155 | D:12     | Reached XP level 15. HP: 65/90 MP: 12/33
 39605 | D:12     | Offered knowledge of Yara's Violent Unravelling by Vehumet.
 39900 | Orc:1    | - starting to look a little sketchy
 39904 | Orc:1    | Reached skill level 5 in Evocations
 40576 | Orc:1    | Found Zanu's Book Boutique.
 40993 | Orc:1    | Reached ***** piety under Vehumet
 40993 | Orc:1    | Offered knowledge of Spellforged Servitor by Vehumet.
 40995 | Orc:1    | - wait i wanted yara
 40995 | Orc:1    | - dangit
 41220 | Orc:1    | Reached skill level 1 in Short Blades
 42052 | Orc:2    | Entered Level 2 of the Orcish Mines
 42228 | Orc:2    | Found a staircase to the Elven Halls.
 42356 | Orc:2    | Noticed an orc warlord
 42386 | Orc:2    | Killed an orc warlord
 42640 | Orc:2    | Found a burning altar of Makhleb.
 42824 | Orc:2    | Found a bloodstained altar of Trog.
 42913 | Orc:2    | Offered knowledge of Lightning Bolt by Vehumet.
 43445 | Orc:2    | Reached skill level 13 in Spellcasting
 43485 | Orc:2    | Found Keompiqi's Antique Weapon Boutique.
 43485 | Orc:2    | Found Axatrohi's Assorted Antiques.
 43485 | Orc:2    | Found Amiociuc's General Store.
 43493 | Orc:2    | Found Ufeulut's Antique Weapon Boutique.
 43546 | Orc:2    | Bought a scroll labelled ZERUJ VOEQYU for 34 gold pieces
 43547 | Orc:2    | Bought a scroll of identify for 24 gold pieces
 43547 | Orc:2    | Bought a scroll of identify for 24 gold pieces
 43891 | D:13     | Bought a shiny helmet for 255 gold pieces
 44235 | D:14     | - so i missed yara and servitor... suppose I oughta grab
                  | lightnng bol
 44235 | D:14     | - though I'm kind of inclined to magma
 44241 | D:14     | Learned a level 5 spell: Bolt of Magma
 44247 | D:14     | Learned a level 5 spell: Lightning Bolt
 44454 | Spider:1 | Entered Level 1 of the Spider Nest
 45062 | Spider:1 | - oh the lajja
 45223 | Spider:1 | Reached skill level 14 in Spellcasting
 45246 | Spider:1 | Reached skill level 5 in Short Blades
 45406 | Spider:1 | - this guy is hurting way too much
 45432 | Spider:1 | - and somehow i just blew it
 46057 | Spider:1 | - ok this is turning bad
 46534 | Spider:1 | Offered knowledge of Freezing Cloud by Vehumet.
 47249 | Spider:2 | Found a runed translucent gate.
 47250 | Spider:2 | Found a runed translucent gate.
 47290 | Spider:2 | Found a runed translucent gate.
 47291 | Spider:2 | Noticed grimtooth's ghost (journeyman FeSu)
 47323 | Spider:2 | Reached skill level 15 in Spellcasting
 47348 | Spider:2 | Reached XP level 16. HP: 67/96 MP: 18/37
 47574 | Spider:2 | Reached skill level 10 in Earth Magic
 47615 | Spider:2 | Identified the +6 whip "Uqiloz" {protect, Fragile Str+2
                  | Int-2 Dex+6}
 47715 | Spider:1 | Learned a level 5 spell: Freezing Cloud
 47788 | Spider:1 | - ok too much drunken fingers right now
 50826 | Spider:4 | Entered Level 4 of the Spider Nest
 50909 | Spider:4 | - this is looking like a giant open space... getting rough
 50920 | Spider:4 | Offered knowledge of Conjure Ball Lightning by Vehumet.
 50921 | Spider:4 | - always with the ball lightning V... ok could be fun for
                  | shoals
 50923 | Spider:4 | Reached skill level 16 in Spellcasting
 51363 | Orc:2    | Bought 3 scrolls of summoning for 342 gold pieces
 51597 | D:11     | Learned a level 6 spell: Conjure Ball Lightning
 51804 | Shoals:1 | Entered Level 1 of the Shoals
 51900 | Shoals:1 | Found a frozen archway.
 51909 | IceCv    | Entered an ice cave
 52310 | IceCv    | Reached skill level 1 in Ice Magic
 52724 | IceCv    | Found an ancient bone altar of Kikubaaqudgha.
 52795 | IceCv    | Offered knowledge of Lee's Rapid Deconstruction by Vehumet.
 52795 | IceCv    | Noticed a lich
 52799 | IceCv    | Killed a lich
 52825 | IceCv    | - uhoh gettin careless
 52828 | IceCv    | - dangit
 52830 | IceCv    | - this is bad
 52836 | IceCv    | - man i am about to lose here
 52837 | IceCv    | Slain by a freezing wraith

Illustrated notes ### #.. .# #.###### .. #.##...##.# ####### #.#.8.8.#.# ......# #.#..@..#.# ......######.#.8...#.# ......'†....)##...'#.#+ ### ......######..#####...#####.#### ......# #...))...⌠..........## ......# #..#####)..#####....'. ..##### #.##...'#.#'...##...## #....# ###.8...#.#...8.#...# .....#########.._..#.# ._..#...# ..†..........#.8.8.#.# .8.#...## .............##...##.## ..##..... Turn 14961 on D:10: - finally ##§8.....8.....8..... #≈...............#### ##...#########...#t^. #≈...#X......#...#.#. ##...#xxX...X#####..# #≈...#####+###...#..# ##.8©#©...+.©#©8©#..# #≈...#.##.+###...#..# ##...#x##.#=.#####..# #≈...#x...#!/#...#.#^ ##..@#########...#... #≈...............#### ##.8.....8.....8..... ##.................... #§§..###########...... ##...#........u#...### #§.∩.#..##.##.G#...#.. ##§..#.#..#..#[#####.# #§§..#.#.©#..#)#...#9. ##.8©#..#####.©#©.©##. #≈...#.#..#..#.#...##. Turn 28304 on Gauntlet: - these look nasty as hell ....#...## #####...≈# ........##### .....8.####.# .......≈##..# ####...##...# ...#...#....# ########## .#.#...#.8©.# #........# ..9#...#....####.######.# #.©#.8.#.8©....#.# #.# #.!#...#....##.#@# #.# ##[#...#.8©.##.#....H.#.# ...#...#....##.########.# ####...##...##..........# .......≈##..############# .....8.####.# ........#### #####...≈# .pp##...## ###©#...≈# ..###...## Turn 28873 on Gauntlet: - nice pole #.#...§# ..#...## ###...≈# ......##### ...8.####.# .....≈##..# ##...##...# .#...#....# ########## .#...#.8©.# #....[...# 9#...#....####.######.# ©#.8.#.8©....#.#@...#.# !#...#....##.#.####.#.# [#...#.8©.##.#......#.# .#...#....##.########.# ##...##...##..........# .....≈##..############# ...8.####.# ......#### ###...≈# p##...## #©#...≈# Turn 28916 on Gauntlet: - shhhhattaa .#...§# .#...## ##...≈# .....##### ..8.####.# ....≈##..# #...##...# #...#....# ########## #...#.8©.# #....[...# #...#....####.######.# #.8.#.8©....#.#∩@..#.# #...#....##.#.####.#.# #...#.8©.##.#......#.# #...#....##.########.# #...##...##..........# ....≈##..############# ..8.####.# .....#### ##...≈# ##...## ©#...≈# Turn 28928 on Gauntlet: - aaa too much inventory ... .......... .... ...o#o.... ≈§≈≈##..$...4.. ≈≈≈≈.#oo..4.... §T§≈...)o)..... o≈≈§)..)....... ####........... o).)o)[@...)# o°)o#.#).....# # # ##.##..# ## ..# . Turn 39900 on Orc:1: - starting to look a little sketchy # ######## ##.#.#..#.### #...@.......# ###†#........ yyy#........ # ##.## ##!.yyy#.....#.. # #...###.#.†y..#)...^... # ...##..#.††..#........ #..#...#...!.#........ #...#.########........ ##.##.####............ ####......##............. #.#.#......#...........#. Turn 40995 on Orc:1: - wait i wanted yara ###.#.............. #.#.###....#.#.## #.#.# #......#.## #†#.####...###.## #.#........###.## #.######.......# ##†# ##...##### ##..# ##.....## ##..## ##.....[[## ##...####.........### #...@...+.........'.. ##...####.........### #....# ##.......## #.#### ##.....## #.# ##...## #.# ##'## #.# #.# #.# #######.### #.#####.........# #...............# #######.###.....# Turn 44235 on D:14: - so i missed yara and servitor... suppose I oughta grab lightnng bol

##..##.....##!. #####.......###
#....#.....|#..#####.......###.#
....##.....##..s..##.....###...#
....##....## ....#...####.....#
##..[#....# ...##...........#
.##†.#^..## ...##......#..##
..#..#..## ##...########..#
..#......# #####....#####.....#
..#.......##........#..#.....##
..#........#.......##.....####
..#.....#.##..#.@###..#..##
.##########...####....####
.#..#.####...........##
........###.[.......##
..†..#....##^...##.##
#....#....###....### #...>#...(#
##....# ####.##...# #....#
#..###^..## #...## ....###..#
##..# ....#....# ...#


Turn 45062 on Spider:1: - oh the lajja #^†.###...#..# #..## ##.†#### ###.†# ####
##.#..## ##...)..# ####### #......## ##.^#..#####.....## #..^#...##.##.....##
#.......#...##.....# ##....###....###..## #...##.#.s.@....## ##...#....#.......#
## ##........^#...##.## ..##....#....###..#### ..#.....###### #### ..#..#.##
.....### ......# ####### Turn 45406 on Spider:1: - this guy is hurting way too
much ...#.......##.....#### #.##..#..###..#..####### ###...####....######...#
##...........#####.#...# ###.[.......##.#.......# ..##^...##.##..........#
..###....###...........# .(# ##....#†..###.##...# ..# #....#..##.####...# .##
#...##†)#.....#^..# .# ##..#...###@.###..# .# #...#.†.#...##....# .#
##......#..s.....## ## #####..###.........# #...######..#......#
#.......##..##..#.## #......##...####### ##......#....^# #^†.###...#..## #..##
##.†#### ###.†# #### Turn 45432 on Spider:1: - and somehow i just blew it #....#
#... #..### #... #### #... ##... #^..# #.†## ###†.# #... ##.#..## $..# ##...)..#
### ...######## #......## ##.##...##.@#..#####.....##
##...#...#..s#...##.##.....## ##....#...#.......#...##.....#
#.>.#.....##....###....###..## #.^##...$..#...##.#........##
#..#......##...#....#.......# ##..########........^#...##.##
#...#....##..†.#....###..#### ##..#....#.....###### #### #^.......#..#.##
##....#.....### Turn 46057 on Spider:1: - ok this is turning bad ..## ...# ####
...# ##..#### ### ..#### #....#^###.## ..#..## ###......#...# ......##
#....#.#....## #......# #....###....######## #.....## ###..##.##...##.^#..#
####..# ##^..##...#...#..^#... .##...# #...##....#...#....... ##...##
##..#@>.#.....##....## #....## #...#.^##......#...##† ##.#..###
#...#..#......##...#.. .###....####..##..########....†..
..^#.....##...#...#....##....#... #..####..#..[.##..#....#.....####
#.....#..##^..#^.......#..#.## #.....#.......##....#.....###
#.....##......###...#......# ############### ############ Turn 47788 on
Spider:1: - ok too much drunken fingers right now ##### #^@.# #...# #......
###..°s)# ##.s...ss..s.. ##.....s...s... #......s....... #.....#..s.=..
#......^..s... .#.^.^......s.. s.............. Turn 50909 on Spider:4: - this is
looking like a giant open space... getting rough ##### #^@.# #..s# #°§§§s.
###§☼☼§§# ##§☼§§§§s§.s.. ##..☼§§§§§s.s.. #......s§§..... #.....#....=..
#......^..s... .#.^.^......s.. s.............. Turn 50921 on Spider:4: - always
with the ball lightning V... ok could be fun for shoals ## ##......# ##.# #
##..#8..## #..# ###..###.[# #.W# #..## #..# ##.## ##..###### #..# ###..## ##.##
##.##..# #..## #...#..# ##..# ....#..# ##W## ..#...## #WW## . #..## ##@W# ####
#..## ##†## #..# #..5...## #.8....# #5.Z..## #Z.5.## ....# ..## .. Turn 52825 on
IceCv: - uhoh gettin careless # ##..##.....##..## #..###.....##...#
##..###.......##.# #..###........#..# ##..# #.......##..## #..## #......####..#
#.## ##......# ##.# ..# ##..#8..## #..# .####..###.[# #Wp# .# #..## #..# ##.##
## ##..###### #@.# # ###..## ##W## ##.##..# #.W## ##...#..# ##.W# #....#..#
##W## WW..#...## #..## ZZ. #..## ##..# .W #### #..## n ##†## #..# #..5...## Turn
52828 on IceCv: - dangit # ### ##.## ##...##### ### #..#.....####.#
##..##.....##..## #..###.....##...# #..###.......##.# ..###........#..# ..#
#.......##..## .## #......####.W# ## ##......# ##@# # ##..#8..## #pW#
###..###.[# #..# #..## #..# ##W## ##..###### #W.# ###..## ##.## ##.##..# #.W##
#...#..# ##..# ....#..# ##.## ..#...## #..## . #..## ##..# Turn 52830 on IceCv:
- this is bad ...## #### ..## .## ### ## ##.## # ##...##### ### #
#..#.....####.# # ##..##.....##..## #..###.....##...# ##..###.......##.#
#..###........#..# ##..# #.......##♣W## #..## #......####{W# #.## ##......# ##W#
..# ##..#8..## #..# .####..###.[# #..# .# #..## #..# ##W## ## ##..###### #W.# #
###..## ##.## ##.##..# #.W## ##...#..# ##..# #....#..# ##.## Turn 52836 on
IceCv: - man i am about to lose here

Levels and vault maps discovered:
D:1:      dpeg_arrival_erosion, layout_basic, ebering_ecumenical_altar_box
D:2:      layout_basic
D:3:      layout_loops_ring
D:4:      layout_basic, nicolae_overflow_hidden_temple, temple_statues
D:5:      corexii_shantytown, layout_basic, nicolae_qazlal_eye_of_the_storm,
          serial_shops, shop_fountains
D:6:      layout_loops_ring, uniq_prince_ribbit1
D:7:      layout_basic, ebering_ghost_rock_garden
D:8:      layout_layer_cave, marbit_many_paths, old_standard_altar
D:9:      layout_basic, trog_hazing_becter
D:10:     layout_basic, grunt_temple_overflow_cloverleaf,
          minmay_misc_feat_cross, minmay_misc_feat_four_crosses, uniq_psyche
D:11:     layout_rooms, erik_lair_island, serial_shops, nicolae_shop_trees,
          uniq_fannar, uniq_harold, uniq_grum
D:12:     minmay_mutant_horseshoe, layout_loops_corners, david_orc_2,
          grunt_ministairs_3
D:13:     layout_loops_corners, david_vaults_2, serial_shops,
          nicolae_shop_stone, uniq_sonja
D:14:     layout_loops_corners, tso_altar
Temple:   cyrus_circular_temple
Lair:1:   layout_roguey, lemuel_another_geyser, grunt_megastairs_5,
          serial_bayou_shore_b, uniq_joseph
Lair:2:   layout_small_grid, gauntlet_entry_generic, st_stairs_11,
          bh_autumn_forest_stairs, guppyfry_lair_drakes
Lair:3:   layout_roguey, elwin_shoals_entry_stream, serial_bayou_shore_b
Lair:4:   layout_regular_city, nicolae_spider_entry_orb_guardian, st_stairs_6,
          uniq_snorg
Lair:5:   layout_layer_cave, beast_lair_carwin_6
Lair:6:   gammafunk_lair_ancient_temple, layout_regular_city, slime_dummy,
          infiniplex_staircase_pool
Shoals:1: layout_shoals, portal_ice_cave_entry_pillars_three,
          nicolae_shoals_mertower
Spider:1: layout_spider_delve
Spider:2: layout_spider_delve, gammafunk_ghost_necromancy,
          einodemon_crawler_minivault
Spider:3: layout_chambers
Spider:4: floodkiller_spider_rune_tomb
Orc:1:    cheibrodos_orc_bank, layout_caves, special_room [special_room_bee],
          guppyfry_orc_lava_fort
Orc:2:    st_orc_mages, layout_caves, basic_altar, bloody_makhleb
IceCv:    ice_cave_small_necro

Skill      XL: |  1  2  3  4  5  6  7  8  9 10 11 12 13 14 15 16 |
---------------+-------------------------------------------------+-----
Conjurations   | 2 3 6 8 9 10 12 13 | 13.0
Air Magic      | 4 5 6 8 9 11 12 | 12.5
Spellcasting   | 4 5 6 9 12 15 16 | 16.5
Stealth        | 4 6 10 11 12 | 12.0
Dodging        | 6 8 10 12 | 12.0
Fighting       | 5 6 8 9 |  9.0
Earth Magic    | 6 8 9 12 | 12.0
Translocations | 6 |  6.0
Evocations     | 4 6 |  6.0
Short Blades   | 6 |  6.0
Ice Magic      | 2 |  2.5

Action                   |  1- 3 |  4- 6 |  7- 9 | 10-12 | 13-15 | 16-18 || total
-------------------------+-------+-------+-------+-------+-------+-------++-------
Melee: Dagger            |     1 |     1 |    11 |    27 |    12 |       ||    52
       Rapier            |       |       |       |     3 |   283 |    61 ||   347
       Lajatang          |       |       |       |       |     3 |     1 ||     4
Throw: Dart              |       |     4 |    26 |    11 |    56 |    67 ||   164
 Cast: Shock             |    76 |    74 |   187 |    93 |     8 |       ||   438
       Static Discharge  |       |     2 |    22 |    59 |     4 |       ||    87
       Swiftness         |       |       |     1 |     4 |    20 |     1 ||    26
       Airstrike         |       |       |    16 |   140 |   326 |     9 ||   491
       Sandblast         |       |       |       |    26 |   251 |    51 ||   328
       Iskenderun's Myst |       |       |       |       |   158 |    69 ||   227
       Stone Arrow       |       |       |       |       |   161 |    29 ||   190
       Mephitic Cloud    |       |       |       |       |    33 |     1 ||    34
       Bolt of Magma     |       |       |       |       |     7 |    47 ||    54
       Freezing Cloud    |       |       |       |       |       |     4 ||     4
       Lightning Bolt    |       |       |       |       |       |     1 ||     1
Evoke: Wand              |       |       |       |     5 |    28 |    52 ||    85
  Use: Scroll            |       |       |     9 |     3 |    16 |     7 ||    35
       Potion            |       |       |     4 |     9 |     9 |     7 ||    29
 Stab: Sleeping          |       |       |     2 |     4 |     9 |     1 ||    16
       Paralysed         |       |       |       |     1 |       |     2 ||     3
       Confused          |       |       |       |       |    11 |       ||    11
       Distracted        |       |       |       |       |     3 |     1 ||     4
Armor: Robe              |     2 |     1 |    15 |    38 |   114 |    55 ||   225
       Skin              |       |       |       |     1 |       |     8 ||     9
Dodge: Dodged            |    14 |     5 |    39 |   119 |   387 |   139 ||   703
Block: Other             |       |       |       |    10 |     2 |       ||    12
       Reflection        |       |       |       |       |     1 |       ||     1
